 Dungeon Crawl Stone Soup version 0.23.2-1-ga50397a6bc (webtiles) character file.

Game seed: 10661473230958202258

520 Menchi the Shield-Bearer (level 7, -6/60 HPs)
             Began as a Gnoll Fighter on May 6, 2019.
             Killed by divine providence
             ... invoked by an orc priest
              (12 damage)
             ... on level 4 of the Dungeon.
             The game lasted 00:06:35 (2122 turns).

Menchi the Shield-Bearer (Gnoll Fighter)            Turns: 2122, Time: 00:06:36

Health: -6/60      AC: 14    Str: 25    XL:     7   Next: 21%
Magic:  10/10      EV:  8    Int: 10    God:
Gold:   17         SH:  0    Dex: 14    Spells: 10/10 levels left

rFire    . . .     SeeInvis .   u - +4 mace "Xiul Les" {holy, +Inv Str+4}
rCold    . . .     Gourm    .   (no shield)
rNeg     . . .     Faith    .   h - +0 plate armour
rPois    .         Spirit   .   (no helmet)
rElec    .         Reflect  .   (no cloak)
rCorr    .         Harm     .   (no gloves)
MR       .....                  e - +0 pair of boots
Stlth    ..........             g - amulet of regeneration
HPRegen  0.60/turn              o - ring of stealth
MPRegen  0.12/turn              (no ring)

@: no status effects
A: distributed training, fangs 1, strong nose
a: Evoke Invisibility


You were on level 4 of the Dungeon.
You were not hungry.

You visited 1 branch of the dungeon, and saw 4 of its levels.

You collected 177 gold pieces.
You spent 160 gold pieces at shops.

Inventory:

Hand Weapons
 u - the +4 mace "Xiul Les" (weapon) {holy, +Inv Str+4}
   (You bought it in a shop on level 4 of the Dungeon)

   It has been blessed by the Shining One to cause great damage to the undead
   and demons.
   It affects your strength (+4).
   It lets you turn invisible.
Armour
 e - a +0 pair of boots (worn)
 h - a +0 plate armour (worn)
Jewellery
 g - an amulet of regeneration (around neck)
 o - a ring of stealth (left hand)
 t - an uncursed amulet of faith
Scrolls
 c - a scroll of enchant weapon {unknown}
 i - a scroll of teleportation
 m - 3 scrolls of blinking {unknown}
 p - a scroll of fear {unknown}
 q - a scroll of magic mapping {unknown}
 r - a scroll of amnesia {unknown}
 s - 2 scrolls of remove curse
 w - a scroll of identify
 x - a scroll of fog {unknown}
Potions
 b - 2 potions of heal wounds {unknown}
 d - 2 potions of might
 j - a potion of berserk rage {unknown}
 l - a potion of haste {unknown}
 n - a potion of mutation {unknown}
 v - a potion of curing {unknown}
Comestibles
 a - 6 chunks of flesh
 f - 5 rations


   Skills:
 + Level 7.0 Fighting
 + Level 2.3 Short Blades
 + Level 5.1 Long Blades
 + Level 2.3 Axes
 + Level 2.3 Maces & Flails
 + Level 2.3 Polearms
 + Level 2.3 Staves
 + Level 2.3 Slings
 + Level 2.3 Bows
 + Level 2.3 Crossbows
 + Level 2.3 Throwing
 + Level 7.0 Armour
 + Level 2.3 Dodging
 + Level 2.3 Stealth
 + Level 7.0 Shields
 + Level 2.3 Unarmed Combat
 + Level 2.3 Spellcasting
 + Level 1.8 Conjurations
 + Level 1.8 Hexes
 + Level 1.8 Charms
 + Level 1.8 Summonings
 + Level 1.8 Necromancy
 + Level 1.8 Translocations
 + Level 1.8 Transmutations
 + Level 1.8 Fire Magic
 + Level 1.8 Ice Magic
 + Level 1.8 Air Magic
 + Level 1.8 Earth Magic
 + Level 1.8 Poison Magic
 + Level 2.5 Invocations
 + Level 2.3 Evocations


You had 10 spell levels left.
You didn't know any spells.
Your spell library was empty.

Dungeon Overview and Level Annotations

Branches:
Dungeon (4/15)
 Temple: D:4-7

Altars:
Kikubaaqudgha
Nemelex Xobeh
Ru
Wu Jian

Shops:
D:4 (


Innate Abilities, Weirdness & Mutations

Your experience applies equally to all skills.
You have very sharp teeth.
Your uncanny sense of smell can sniff out nearby items.


Message History

The orc priest hits you with a +0 mace.
* * * LOW HITPOINT WARNING * * *
The orc barely misses you.
The orc priest calls upon Beogh to heal the orc priest.
The orc priest's wounds heal themselves!
An orc comes into view. It is wielding a +0 club.
The orc barely misses you.
You hit the orc.
The orc is almost dead.
The orc priest begins to cast a cantrip, but forgets the words!
The orc hits you but does no damage.
You barely miss the orc.
The orc is almost dead.
The orc priest calls down the wrath of Beogh upon you.
Beogh smites you!
* * * LOW HITPOINT WARNING * * *
An orc comes into view. It is wielding a +0 whip.
The orc priest calls down the wrath of Beogh upon you.
Beogh smites you!
You die...

# #.......#
##.####.#.....# ###
...#.......##.###...#
.#....#.#..<........
.##..)..#.###.###... ##
..##..#.......# #.# .
...##....>)...####.#.#
....#†##....).<#.#o#.####
_.....##........@oo.o...#
....####.......#.#o#.##..
...### #.........#)oo#
..##.# #.......###.#o.o.
.##.. #........#.....###
.##.# #.....÷......#.#
###.##########.####.#.#
.....∩.# #÷# .# #
.####..# ####.##....


You could see 2 orc priests and 7 orcs.

Vanquished Creatures
  A phantom (D:4)
  An ogre (D:4)
  A howler monkey (D:4)
  A hound (D:4)
  An orc priest (D:4)
  An orc wizard (D:4)
  Natasha (twice) (D:3)
  A worker ant (D:4)
  3 gnolls (D:4)
  3 adders
  An ooze (D:3)
  An adder skeleton (D:4)
  2 worms
  2 orcs
  3 giant cockroaches
  6 goblins
  5 hobgoblins
  6 jackals
  4 quokkas
  13 bats
  3 frilled lizards
  5 kobolds
  8 rats
74 creatures vanquished.

Notes
Turn   | Place    | Note
-------+----------+-------------------------------------------
     0 | D:1      | Menchi the Gnoll Fighter began the quest for the Orb.
     0 | D:1      | Reached XP level 1. HP: 23/23 MP: 1/1
   253 | D:1      | Reached XP level 2. HP: 29/29 MP: 2/2
   683 | D:2      | Reached XP level 3. HP: 27/35 MP: 3/3
   969 | D:2      | Reached skill level 1 in Invocations
  1192 | D:2      | Reached skill level 1 in Short Blades
  1192 | D:2      | Reached skill level 1 in Axes
  1192 | D:2      | Reached skill level 1 in Maces & Flails
  1192 | D:2      | Reached skill level 1 in Polearms
  1192 | D:2      | Reached skill level 1 in Staves
  1192 | D:2      | Reached skill level 1 in Slings
  1192 | D:2      | Reached skill level 1 in Bows
  1192 | D:2      | Reached skill level 1 in Crossbows
  1192 | D:2      | Reached skill level 1 in Throwing
  1192 | D:2      | Reached skill level 1 in Dodging
  1192 | D:2      | Reached skill level 1 in Stealth
  1192 | D:2      | Reached skill level 1 in Unarmed Combat
  1192 | D:2      | Reached skill level 1 in Spellcasting
  1192 | D:2      | Reached skill level 1 in Evocations
  1307 | D:3      | Found an ornate altar of the Wu Jian Council.
  1393 | D:3      | Found a sparkling altar of Nemelex Xobeh.
  1428 | D:3      | Reached XP level 4. HP: 40/41 MP: 5/5
  1521 | D:3      | Noticed Natasha
  1526 | D:3      | Killed Natasha
  1526 | D:3      | Reached skill level 1 in Conjurations
  1526 | D:3      | Reached skill level 1 in Hexes
  1526 | D:3      | Reached skill level 1 in Charms
  1526 | D:3      | Reached skill level 1 in Summonings
  1526 | D:3      | Reached skill level 1 in Necromancy
  1526 | D:3      | Reached skill level 1 in Translocations
  1526 | D:3      | Reached skill level 1 in Transmutations
  1526 | D:3      | Reached skill level 1 in Fire Magic
  1526 | D:3      | Reached skill level 1 in Ice Magic
  1526 | D:3      | Reached skill level 1 in Air Magic
  1526 | D:3      | Reached skill level 1 in Earth Magic
  1526 | D:3      | Reached skill level 1 in Poison Magic
  1554 | D:3      | Found an ancient bone altar of Kikubaaqudgha.
  1580 | D:3      | Reached XP level 5. HP: 47/47 MP: 6/6
  1776 | D:3      | Noticed Natasha
  1780 | D:3      | Killed Natasha
  1913 | D:4      | Noticed an ogre
  1924 | D:4      | Killed an ogre
  1924 | D:4      | Reached XP level 6. HP: 18/53 MP: 8/8
  1987 | D:4      | Found a sacrificial altar of Ru.
  2004 | D:4      | Noticed a phantom
  2006 | D:4      | Found Wofez's Antique Weapon Emporium.
  2038 | D:4      | Killed a phantom
  2038 | D:4      | Reached skill level 5 in Long Blades
  2052 | D:4      | Bought a translucent mace for 160 gold pieces
  2052 | D:4      | Identified the +4 mace "Xiul Les" {holy, +Inv Str+4} (You
                  | bought it in a shop on level 4 of the Dungeon)
  2086 | D:4      | Reached XP level 7. HP: 52/59 MP: 10/10
  2122 | D:4      | Killed from afar by an orc priest

Skill      XL: |  1  2  3  4  5  6  7 |
---------------+----------------------+-----
Invocations    | 1 2 |  2.5
Short Blades   | 1 2 |  2.3
Axes           | 1 2 |  2.3
Maces & Flails | 1 2 |  2.3
Polearms       | 1 2 |  2.3
Staves         | 1 2 |  2.3
Slings         | 1 2 |  2.3
Bows           | 1 2 |  2.3
Crossbows      | 1 2 |  2.3
Throwing       | 1 2 |  2.3
Dodging        | 1 2 |  2.3
Stealth        | 1 2 |  2.3
Unarmed Combat | 1 2 |  2.3
Spellcasting   | 1 2 |  2.3
Evocations     | 1 2 |  2.3
Conjurations   | 1 |  1.8
Hexes          | 1 |  1.8
Charms         | 1 |  1.8
Summonings     | 1 |  1.8
Necromancy     | 1 |  1.8
Translocations | 1 |  1.8
Transmutations | 1 |  1.8
Fire Magic     | 1 |  1.8
Ice Magic      | 1 |  1.8
Air Magic      | 1 |  1.8
Earth Magic    | 1 |  1.8
Poison Magic   | 1 |  1.8
Long Blades    | 5 |  5.1
Fighting       | 7 |  7.0
Armour         | 7 |  7.0
Shields        | 7 |  7.0

Action                   |  1- 3 |  4- 6 |  7- 9 || total
-------------------------+-------+-------+-------++-------
Melee: Long sword        |    53 |       |       ||    53
       Bite              |     9 |    21 |     4 ||    34
       Dagger            |    38 |   129 |       ||   167
       Punch             |       |     3 |       ||     3
       Mace              |       |    14 |    15 ||    29
  Use: Scroll            |     2 |       |       ||     2
  Eat: Chunk             |     1 |     2 |     1 ||     4
Armor: Plate armour      |    64 |    98 |    12 ||   174
       Scale mail        |     1 |       |       ||     1
Dodge: Dodged            |    28 |    77 |     7 ||   112
Block: Shield            |     1 |       |       ||     1
       Rpst.: Long sword |     4 |       |       ||     4
